 Dungeon Crawl Stone Soup version 0.16.1 (webtiles) character file.

108 Ladykiller69 the Changer (level 4, -2/35 HPs)
             Began as a Demigod Transmuter on Mar 23, 2015.
             Slain by a giant frog (8 damage)
             ... on level 3 of the Dungeon.
             The game lasted 00:16:55 (3198 turns).

Ladykiller69 the Changer (Demigod Transmuter)       Turns: 3198, Time: 00:16:55

Health: -2/35      AC:  2    Str: 13    XL:     4   Next: 33%
Magic:  10/10      EV: 13    Int: 17    God:
Gold:   93         SH:  0    Dex: 18    Spells: 3 memorised, 1 level left

rFire  . . .     SeeInvis .     b - 36 arrows
rCold  + . .     Clarity  .     c - +0 robe
rNeg   . . .     SustAb   +     (no shield)
rPois  .         Gourm    .     (no helmet)
rElec  .         Spirit   .     (no cloak)
rCorr  .         Warding  .     (no gloves)
rMut   .         Stasis   .     (boots unavailable)
MR     .....                    (no amulet)
Stlth  ++........               (no ring)
                                r - ring of protection from cold

@: appendage, not resistant to hostile enchantments, unstealthy
A: talons 3, sustain abilities
a: End Transformation


You were on level 3 of the Dungeon.
You were not hungry.
You had grown temporary talons.
You visited 1 branch of the dungeon, and saw 3 of its levels.

You collected 93 gold pieces.

Inventory:

Missiles
 b - 36 arrows (in hand)
Armour
 c - a +0 robe (worn)
Jewellery
 r - a ring of protection from cold (left hand)
Scrolls
 e - 4 scrolls of identify {unknown}
 h - a scroll of teleportation {unknown}
 m - 3 scrolls of remove curse {unknown}
 n - a scroll of immolation {unknown}
 q - a scroll of blinking {unknown}
 t - a scroll of fear {unknown}
 u - 3 scrolls of magic mapping {unknown}
Potions
 g - 2 potions of heal wounds {unknown}
 i - a potion of curing {unknown}
 j - a potion of ambrosia {unknown}
 k - 2 potions of poison {unknown}
 s - a potion of might {unknown}
Books
 d - a book of Changes

   Spells                             Type                      Level
   a - Beastly Appendage              Transmutation                1
   b - Sticks to Snakes               Transmutation                2
   c - Spider Form                    Transmutation/Poison         3
   d - Ice Form                       Ice/Transmutation            4
   e - Blade Hands                    Transmutation                5
Comestibles
 a - 2 bread rations
 f - 2 meat rations
 l - 4 chunks of flesh
 o - a slice of pizza
 p - 4 fruits


   Skills:
 - Level 1.0 Fighting
 - Level 2.1 Dodging
 - Level 3.0 Unarmed Combat
 - Level 2.0 Spellcasting
 * Level 3.8 Transmutations


You had one spell level left.
You knew the following spells:

 Your Spells              Type           Power        Failure   Level  Hunger
a - Beastly Appendage     Trmt           ##....       4%          1    #......
b - Spider Form           Trmt/Pois      #.........   30%         3    ###....
c - Sticks to Snakes      Trmt           ##........   10%         2    ###....


Dungeon Overview and Level Annotations

Branches:
Dungeon (3/15)

Annotations:
D:2 4 exclusions, Robin
D:3 1 exclusion


Innate Abilities, Weirdness & Mutations

Your attributes are resistant to harm.
You have claws for feet.


Message History

The giant frog closely misses you.
There is a stone staircase leading down here.
You hit the giant frog. You claw the giant frog.
The giant frog is severely wounded.
The giant frog hits you! The giant frog barely misses you.
You barely miss the giant frog.
You claw the giant frog, but do no damage.
The giant frog is severely wounded.
The giant frog hits you.
You hit the giant frog. You claw the giant frog.
The giant frog is almost dead.
The giant frog barely misses you.
You barely miss the giant frog. Your kick misses the giant frog.
The giant frog is almost dead.
The giant frog completely misses you. The giant frog hits you!
* * * LOW HITPOINT WARNING * * *
Wield which item (- for none, * to show all)? (? for menu, Esc to quit)
b - 36 arrows (in hand)
The giant frog hits you!
You die...

#..........##..# #
##########.##..# # #
#.##..## .# #
#.##..#... # #.##..#.#
# # #.##....# .#
#.##.##.###.#
##########.##.##.....#
#......oF@....####.###
#.###.#.#####.# #.###
#....# #.# #...#
###..# #.# ###.# ....
#.# #.# PP..♣ #.# #.#
♣♣...♣ #.# #.# ♣♣.♣♣
#.# #.# ♣. . #####.#


You could see a giant frog and an orc.

Vanquished Creatures
  4 adders
  A giant gecko (D:1)
  An ooze (D:1)
  2 orcs
  A bat skeleton (D:3)
  6 giant cockroaches
  13 hobgoblins
  7 jackals (D:3)
  6 kobolds
  A quokka (D:2)
  A ball python (D:2)
  8 bats
  4 giant newts
  4 goblins
  10 rats
69 creatures vanquished.

Notes
Turn   | Place    | Note
--------------------------------------------------------------
     0 | D:1      | Ladykiller69, the Demigod Transmuter, began the quest for the Orb.
     0 | D:1      | Reached XP level 1. HP: 15/15 MP: 3/3
   725 | D:2      | Reached XP level 2. HP: 22/22 MP: 2/4
   858 | D:2      | Noticed Robin
  1021 | D:1      | Reached skill level 3 in Unarmed Combat
  1075 | D:1      | Reached skill level 1 in Fighting
  1330 | D:2      | Reached XP level 3. HP: 28/28 MP: 6/8
  2569 | D:3      | Learned a level 3 spell: Spider Form
  2708 | D:3      | Reached XP level 4. HP: 30/35 MP: 8/10
  2725 | D:3      | Found a bloodstained altar of Trog.
  2844 | D:3      | Learned a level 2 spell: Sticks to Snakes
  3198 | D:3      | Slain by a giant frog

Action                   |  1- 3 |  4- 6 || total
-------------------------+-------+-------++-------
Melee: Unarmed           |   204 |    70 ||   274
 Cast: Beastly Appendage |    29 |    11 ||    40
 Stab: Sleeping          |       |     1 ||     1
  Eat: Chunk             |     6 |     2 ||     8
